 Dungeon Crawl Stone Soup version 0.31-a0-618-g7ca08c1ff9 (webtiles) character file.

Game seed: 6548515178445051748

26 spiderkeys the Shooter (level 3, -1/25 HPs)
             Began as an Octopode Hunter on Aug 22, 2023.
             Slain by a jackal (3 damage)
             ... on level 2 of the Dungeon.
             The game lasted 00:01:11 (880 turns).

spiderkeys the Shooter (Octopode Hunter)             Turns: 880, Time: 00:01:12

Health: -1/25      AC:  1    Str: 10    XL:     3   Next: 8%
Magic:  3/3        EV: 11    Int: 11    God:
Gold:   90         SH:  0    Dex: 17    Spells: 2/2 levels left

rFire   . . .        a - +1 shortbow
rCold   . . .        (shield currently unavailable)
rNeg    . . .        (helmet restricted)
rPois   .            (no amulet)
rElec   .            (no ring)
rCorr   .            (no ring)
SInv    .            (no ring)
Will    .....        (no ring)
Stlth   +++          (no ring)
HPRegen 0.24/turn    (no ring)
MPRegen 0.08/turn    (no ring)
                     (no ring)

%: no passive effects
@: lethally poisoned (-1 -> -3), hasted, constricted, very quick
A: almost no armour, amphibious, 8 rings, camouflage 1, gelatinous body 1,
(nimble swimmer 1), tentacles
a: no special abilities


You were on level 2 of the Dungeon.
You visited 1 branch of the dungeon, and saw 2 of its levels.

You collected 90 gold pieces.


Innate Abilities, Weirdness & Mutations

You cannot wear most types of armour.
You are amphibious.
You can wear up to eight rings at the same time.
Your skin changes colour to match your surroundings (Stealth+).
Your rubbery body absorbs attacks. (AC +1, EV +1)
((You are camouflaged when in or above water. (Stealth+)))
You have tentacles for arms and can constrict up to eight enemies at once.


   Skills:
 + Level 2.4 Fighting
 + Level 4.2 Ranged Weapons
 + Level 2.4 Dodging
 + Level 2.3 Stealth


You had 2 spell levels left.
You didn't know any spells.
Your spell library was empty.

Inventory:

Hand Weapons
 a - a +1 shortbow (weapon)
Missiles
 c - 16 stones
Jewellery
 T - an amulet of faith {!P}
   (You found it on level 1 of the Dungeon)
Scrolls
 b - a scroll of butterflies
 e - a scroll of blinking {!r}
 f - a scroll of noise {!r}

Dungeon Overview and Level Annotations

Branches:
Dungeon (2/15) Zot: 11111

Altars:

..... ...<.
#.#.[. ......
######†....
#####........#
#......h)S#
..###.††@.#
#....S#
#.......
#.....##..
#.....# ...
#.....# #.
#.....#
#######


You could see an adder, a jackal and a ball python.


Message History

There is a stone staircase leading up here.
Unknown command.
You shoot an arrow. The arrow hits the jackal.
The jackal barks!
You shoot an arrow. The arrow misses the jackal.
The jackal barely misses you. The jackal misses you.
You shoot an arrow. The arrow hits the jackal.
You kill the jackal!
The jackal closely misses you. The jackal misses you.
You shoot an arrow. The arrow barely misses the jackal.
The jackal bites you. 😕 HP[-1]
You take 1 damage, and now have 19/20 hp.
You shoot an arrow. The arrow hits the jackal.
The jackal bites you. The jackal barely misses you. 😕 HP[-2]
You take 2 damage, and now have 17/20 hp.
You shoot an arrow. The arrow misses the jackal.
The jackal barely misses you. The jackal misses you.
You shoot an arrow. The arrow hits the jackal!
You kill the jackal!
No target in view!
No target in view! 2 jackals come into view.
The jackal barks!
The jackal moves out of view. 😎 HP[+3]
Your hp is fully restored (20).
You shoot an arrow.
The arrow hits the jackal but does no damage.
A kobold comes into view. It is wielding a +0 dagger.
There are monsters nearby!
There are monsters nearby!
You shoot an arrow. The arrow hits the jackal!
You kill the jackal!
You hear a shout!
A hobgoblin comes into view.
You hear a bark!
You have reached level 3!
Your experience leads to an increase in your attributes!
Increase (S)trength, (I)ntelligence, or (D)exterity?
You feel agile. x2 😎 HP[+5] MP[+1]
You now have 25 max hp (+5).
Your hp is fully restored (25).
Your mp is fully restored (3).
You shoot an arrow. The arrow hits the hobgoblin.
You kill the hobgoblin!
An adder comes into view.
A ball python comes into view.
You shoot an arrow.
The arrow barely misses the ball python.
The adder hisses angrily.
The ball python hisses angrily.
You shoot an arrow. The arrow misses the kobold.
The arrow hits the jackal but does no damage.
You shoot an arrow.
The arrow barely misses the ball python.
The ball python bites you.
The ball python closely misses you. 😕 HP[-2]
You take 2 damage, and now have 23/25 hp.
You shoot an arrow. The arrow hits the kobold.
The ball python completely misses you. The ball python closely misses you.
The kobold closely misses you. The adder bites you. 😕 HP[-2]
You take 2 damage, and now have 21/25 hp.
You shoot an arrow. The arrow hits the kobold!
You kill the kobold!
The ball python bites you but does no damage.
The ball python grabs you. The ball python constricts you.
The adder closely misses you. The jackal bites you. The ball python bites you.
The ball python constricts you. The adder bites you.
You are poisoned.
The adder poisons you! 😮 HP[-8]
You take 8 damage, and now have 13/25 hp.
MASSIVE DAMAGE!! (PAUSE)
You shoot an arrow.
The arrow hits the adder but does no damage.
You feel sick. The jackal barely misses you. The ball python bites you.
* * * LOW HITPOINT WARNING * * *
The ball python constricts you.
* * * LOW HITPOINT WARNING * * *
The adder bites you but does no damage. The jackal bites you.
* * * LOW HITPOINT WARNING * * *
😨 HP[-6]
You take 6 damage, and now have 7/25 hp.
MASSIVE DAMAGE!! (PAUSE)
You shoot an arrow. The arrow closely misses the adder.
You feel sick. The adder bites you.
* * * LOW HITPOINT WARNING * * *
The ball python bites you.
* * * LOW HITPOINT WARNING * * *
The ball python constricts you. The jackal closely misses you.
The adder barely misses you. The ball python closely misses you.
The ball python constricts you. The jackal barely misses you. 😱 HP[-4]
You take 4 damage, and now have 3/25 hp.
Unknown command.
It was a potion of haste.
You feel yourself speed up.
* * * LOW HITPOINT WARNING * * *
You feel sick. The jackal bites you.
You die...

Skill      XL: |  1  2 |
---------------+-------+-----
Stealth        | 2 |  2.3
Fighting       | |  2.4
Ranged Weapons | |  4.2
Dodging        | |  2.4

Action                     || total
---------------------------++-------
   Fire: Shortbow          ||    42
    Use: Scroll            ||     7
         Potion            ||     1
 Armour: Skin              ||     2
  Dodge: Dodged            ||    24

Levels and vault maps discovered:
D:1:      eino_arrival_druids_welcome, layout_loops_corners
D:2:      layout_rooms, uniq_robin, uniq_crazy_yiuf_cottage

Notes
Turn   | Place    | Note
-------+----------+-------------------------------------------
     0 | D:1      | spiderkeys the Octopode Hunter began the quest for the Orb.
     0 | D:1      | Reached XP level 1. HP: 14/14 MP: 1/1
     0 | D:1      | magus.rc [v1.11.6]
   354 | D:1      | Reached XP level 2. HP: 19/19 MP: 2/2
   614 | D:1      | Reached skill level 2 in Stealth
   872 | D:2      | Reached XP level 3. HP: 25/25 MP: 3/3
   879 | D:2      | HP: 4/25 [adder (3)]
   880 | D:2      | Slain by a jackal

Vanquished Creatures
  A gnoll (D:1)
  An endoplasm (D:1)
  2 hobgoblins
  3 jackals (D:2)
  A quokka (D:1)
  A ball python (D:1)
  A bat (D:1)
  3 frilled lizards (D:1)
  2 kobolds
  2 rats (D:1)
17 creatures vanquished.

Table legend:
 A = Non-vault XP
 B = Vault XP
 C = Vault XP percentage of total XP
 D = Non-vault monster count
 E = Vault monster count
 F = Vault count percentage of total count
                 A         B        C        D         E       F
            +---------+---------+-------+---------+---------+-------
      Total |      38 |       0 |   0.0 |      17 |       0 |   0.0
            +---------+---------+-------+---------+---------+-------
        D:1 |      29 |       0 |   0.0 |      12 |       0 |   0.0
        D:2 |       9 |       0 |   0.0 |       5 |       0 |   0.0
            +---------+---------+-------+---------+---------+-------

Skill      XL: |  1  2 |
---------------+-------+-----
Stealth        | 2 |  2.3
Fighting       | |  2.4
Ranged Weapons | |  4.2
Dodging        | |  2.4

Action                     || total
---------------------------++-------
   Fire: Shortbow          ||    42
    Use: Scroll            ||     7
         Potion            ||     1
 Armour: Skin              ||     2
  Dodge: Dodged            ||    24

Illustrated notes

Table legend:
 A = Kills in this place as a percentage of kills in the entire game.
 B = Kills by you in this place as a percentage of kills by you in the entire game.
 C = Kills by friends in this place as a percentage of kills by friends in the entire game.
 D = Other kills in this place as a percentage of other kills in the entire game.
 E = Experience gained in this place as a percentage of experience gained in the entire game.
 F = Experience gained in this place divided by the number of levels of this place that you have seen.
                   A       B       C       D       E      F
               +-------+-------+-------+-------+-------+----------------------
         Total | 100.0 | 100.0 |   N/A |   N/A | 100.0 |  19.0
       Dungeon | 100.0 | 100.0 |   N/A |   N/A | 100.0 |  19.0
               +-------+-------+-------+-------+-------+----------------------

Table legend: (Time is in decaauts)
 A = Elapsed time spent in this place.
 B = Non-inter-level travel time spent in this place.
 C = Inter-level travel time spent in this place.
 D = Time resting spent in this place.
 E = Time spent auto-exploring this place.
 F = Levels seen in this place.
 G = Mean time per level.
                   A        B        C        D        E       F      G
               +--------+--------+--------+--------+--------+-----+--------+
         Total |    888 |    851 |     37 |      0 |    766 |   2 |  444.0 |
       Dungeon |    888 |    851 |     37 |      0 |    766 |   2 |  444.0 |
               +--------+--------+--------+--------+--------+-----+--------+

Top non-repeatable levels by time:
     D:1: 856 daAuts
     D:2: 31 daAuts
